TOP OF THE 1ST |
West Virginia Power batting - Pitching for Santa Fe Diablos : RHP Darryl Carter
|
Pitching: RHP Darryl Carter
|
|
Batting: RHB Brett Bell
|
0-0: Called Strike 0-1: Swinging Strike 0-2: Ball 1-2: Strikes out swinging
|
Batting: SHB Edward Bartlett
|
0-0: Called Strike 0-1: Fly out, F7 (Flyball, 7M)
|
Batting: RHB Vicente Torres
|
0-0: Ground out 6-3 (Groundball, 6)
|
Top of the 1st over - 0 run(s), 0 hit(s), 0 error(s), 0 left on base; West Virginia 0 - Santa Fe 0 |
BOTTOM OF THE 1ST |
Santa Fe Diablos batting - Pitching for West Virginia Power : RHP César De La Cruz
|
Pitching: RHP César De La Cruz
|
|
Batting: RHB Arnold Harmon
|
0-0: Ground out 4-3 (Groundball, 34)
|
Batting: RHB Roberto Zamora
|
0-0: Ball 1-0: Ball 2-0: Called Strike 2-1: Ball 3-1: Base on Balls
|
Batting: SHB António Hernández
|
0-0: Ball 1-0: Foul Ball, location: 2F 1-1: Ball 2-1: Ball 3-1: Base on Balls Roberto Zamora to second
|
Batting: RHB Júlio López
|
0-0: Called Strike 0-1: Ball 1-1: Ball 2-1: Foul Ball, location: 2F 2-2: Strikes out swinging
|
Batting: LHB Don Soper
|
0-0: Called Strike 0-1: Foul Ball, location: 2F 0-2: Foul Ball, location: 2F 0-2: Ball 1-2: Ball 2-2: Ground out 5-3 (Groundball, 5S)
|
Bottom of the 1st over - 0 run(s), 0 hit(s), 0 error(s), 2 left on base; West Virginia 0 - Santa Fe 0 |
TOP OF THE 2ND |
West Virginia Power batting - Pitching for Santa Fe Diablos : RHP Darryl Carter
|
Batting: RHB Gonzalo Gil
|
0-0: Ball 1-0: Ball 2-0: Ball 3-0: Base on Balls
|
Batting: RHB Will Lott
|
0-0: Ball Gonzalo Gil steals 2nd base 1-0: SINGLE (Line Drive, 89S) Gonzalo Gil to third
|
Batting: LHB Fernando Ortíz
|
0-0: Ball 1-0: SINGLE (Groundball, 34D) Gonzalo Gil scores Will Lott to second Runner from 2nd tries for 3rd, SAFE, throw made to third
|
Now in RF: Richard Wilkins
|
|
Batting: LHB Pablo Reyes
|
0-0: Ball 1-0: Foul Ball, location: 2F 1-1: Ball 2-1: Ball 3-1: Foul Ball, location: 2F 3-2: Base on Balls Fernando Ortíz to second
|
Batting: LHB Luis Pérez
|
0-0: Ball 1-0: GRAND SLAM HOME RUN (Flyball, 9D), Distance : 357 ft
|
Batting: RHB Alfonso Huertas
|
0-0: Ball 1-0: Ball 2-0: Fly out, F4 (Line Drive, 4)
|
Batting: RHB Brett Bell
|
0-0: Foul Ball, location: 2F 0-1: Ball 1-1: Ball 2-1: Ball 3-1: Swinging Strike 3-2: DOUBLE (Line Drive, 7LS)
|
Batting: SHB Edward Bartlett
|
0-0: Ball 1-0: Ball 2-0: Called Strike 2-1: Fly out, F9 (Popup, 4D)
|
Batting: RHB Vicente Torres
|
0-0: Fly out, F8 (Line Drive, 8LXD)
|
Top of the 2nd over - 5 run(s), 4 hit(s), 0 error(s), 1 left on base; West Virginia 5 - Santa Fe 0 |
BOTTOM OF THE 2ND |
Santa Fe Diablos batting - Pitching for West Virginia Power : RHP César De La Cruz
|
Batting: RHB Michael Anderson
|
0-0: Ground out 5-3 (Groundball, 56)
|
Batting: RHB Ray Davis
|
0-0: Fly out, F7 (Flyball, 7M)
|
Batting: RHB Emílio Bruno
|
0-0: Swinging Strike 0-1: Ball 1-1: Ball 2-1: Foul Ball, location: 2F 2-2: Ball 3-2: Foul Ball, location: 2F 3-2: Base on Balls
|
Batting: RHB Richard Wilkins
|
0-0: Ball 1-0: Called Strike 1-1: Fly out, F6 (Popup, 56D)
|
Bottom of the 2nd over - 0 run(s), 0 hit(s), 0 error(s), 1 left on base; West Virginia 5 - Santa Fe 0 |
TOP OF THE 3RD |
West Virginia Power batting - Pitching for Santa Fe Diablos : RHP Darryl Carter
|
Batting: RHB Gonzalo Gil
|
0-0: Ball 1-0: Called Strike 1-1: Ball 2-1: Foul Ball, location: 2F 2-2: Ball 3-2: Foul Ball, location: 2F 3-2: Base on Balls
|
Batting: RHB Will Lott
|
0-0: Called Strike 0-1: DOUBLE (Line Drive, 5D) Gonzalo Gil to third Runner from 3rd tries for Home, SAFE, no throw or cutoff
|
Batting: LHB Fernando Ortíz
|
0-0: Ground out 4-3 (Groundball, 4) Will Lott to third
|
Batting: LHB Pablo Reyes
|
0-0: Ball 1-0: Ball 2-0: Foul Ball, location: 2F 2-1: Foul Ball, location: 2F 2-2: Foul Ball, location: 2F 2-2: Ball 3-2: Base on Balls
|
Batting: LHB Luis Pérez
|
0-0: Ball 1-0: Called Strike 1-1: Swinging Strike 1-2: Strikes out swinging
|
Batting: RHB Alfonso Huertas
|
0-0: Ball 1-0: Swinging Strike 1-1: Swinging Strike 1-2: Ground out U3 (Groundball, 3S)
|
Top of the 3rd over - 1 run(s), 1 hit(s), 0 error(s), 2 left on base; West Virginia 6 - Santa Fe 0 |
BOTTOM OF THE 3RD |
Santa Fe Diablos batting - Pitching for West Virginia Power : RHP César De La Cruz
|
Batting: RHB Arnold Harmon
|
0-0: Foul Ball, location: 2F 0-1: Foul Ball, location: 2F 0-2: Ball 1-2: Ball 2-2: Strikes out swinging
|
Batting: RHB Roberto Zamora
|
0-0: Ball 1-0: Swinging Strike 1-1: Fly out, F9 (Flyball, 9S)
|
Batting: SHB António Hernández
|
0-0: Called Strike 0-1: Ball 1-1: Ball 2-1: Called Strike 2-2: Foul Ball, location: 2F 2-2: Foul Ball, location: 2F 2-2: Strikes out swinging
|
Bottom of the 3rd over - 0 run(s), 0 hit(s), 0 error(s), 0 left on base; West Virginia 6 - Santa Fe 0 |
TOP OF THE 4TH |
West Virginia Power batting - Pitching for Santa Fe Diablos : RHP Darryl Carter
|
Batting: RHB Brett Bell
|
0-0: Ball 1-0: Foul Ball, location: 2F 1-1: Ball 2-1: Fly out, F8 (Flyball, 8LM)
|
Batting: SHB Edward Bartlett
|
0-0: Ball 1-0: Foul Ball, location: 2F 1-1: Ball 2-1: Called Strike 2-2: Ball 3-2: SINGLE (Groundball, 34D)
|
Batting: RHB Vicente Torres
|
0-0: Ball 1-0: Called Strike 1-1: Fielders Choice at 2nd, 5-4 (Groundball, 5L)
|
Batting: RHB Gonzalo Gil
|
0-0: Foul Ball, location: 2F 0-1: Ball 1-1: Called Strike 1-2: Foul Ball, location: 2F 1-2: Fielders Choice at 2nd, 6-4 (Groundball, 6)
|
Top of the 4th over - 0 run(s), 1 hit(s), 0 error(s), 0 left on base; West Virginia 6 - Santa Fe 0 |
BOTTOM OF THE 4TH |
Santa Fe Diablos batting - Pitching for West Virginia Power : RHP César De La Cruz
|
Batting: RHB Júlio López
|
0-0: Ball 1-0: Ball 2-0: Ground out 6-3 (Groundball, 6M)
|
Batting: LHB Don Soper
|
0-0: Swinging Strike 0-1: Foul Ball, location: 2F 0-2: Ground out 6-3 (Groundball, 6)
|
Batting: RHB Michael Anderson
|
0-0: Ball 1-0: Swinging Strike 1-1: Foul Ball, location: 2F 1-2: Ground out 5-3 (Groundball, 5)
|
Bottom of the 4th over - 0 run(s), 0 hit(s), 0 error(s), 0 left on base; West Virginia 6 - Santa Fe 0 |
TOP OF THE 5TH |
West Virginia Power batting - Pitching for Santa Fe Diablos : RHP Darryl Carter
|
Batting: RHB Will Lott
|
0-0: Foul Ball, location: 2F 0-1: Ball 1-1: Called Strike 1-2: Foul Ball, location: 2F 1-2: Ball 2-2: Foul Ball, location: 2F 2-2: Strikes out swinging
|
Batting: LHB Fernando Ortíz
|
0-0: Called Strike 0-1: Fly out, F3 (Popup, 3SF)
|
Batting: LHB Pablo Reyes
|
0-0: Ball 1-0: Ball 2-0: Foul Ball, location: 2F 2-1: Fly out, F1 (Line Drive, 13)
|
Top of the 5th over - 0 run(s), 0 hit(s), 0 error(s), 0 left on base; West Virginia 6 - Santa Fe 0 |
BOTTOM OF THE 5TH |
Santa Fe Diablos batting - Pitching for West Virginia Power : RHP César De La Cruz
|
Batting: RHB Ray Davis
|
0-0: Called Strike 0-1: SINGLE (Line Drive, 56D)
|
Pitching: RHP Raúl Ruíz
|
|
Batting: RHB Emílio Bruno
|
0-0: Foul Ball, location: 2F 0-1: Ball 1-1: Foul Ball, location: 2F 1-2: Strikes out swinging
|
Batting: RHB Richard Wilkins
|
0-0: Foul Ball, location: 2F 0-1: Ball 1-1: Ball 2-1: Ball 3-1: Foul Ball, location: 2F 3-2: Foul Ball, location: 2F 3-2: Strikes out swinging
|
Batting: RHB Arnold Harmon
|
0-0: Ball 1-0: DOUBLE (Line Drive, 5D) Ray Davis to third
|
Batting: RHB Roberto Zamora
|
0-0: Swinging Strike 0-1: Swinging Strike 0-2: Strikes out swinging
|
Bottom of the 5th over - 0 run(s), 2 hit(s), 0 error(s), 2 left on base; West Virginia 6 - Santa Fe 0 |
TOP OF THE 6TH |
West Virginia Power batting - Pitching for Santa Fe Diablos : RHP Darryl Carter
|
Batting: LHB Luis Pérez
|
0-0: Ball 1-0: Foul Ball, location: 2F 1-1: Ball 2-1: Foul Ball, location: 2F 2-2: Strikes out looking
|
Pitching: LHP Albert Alonzo
|
|
Batting: RHB Alfonso Huertas
|
0-0: Ball 1-0: Fly out, F2 (Popup, 2RF)
|
Batting: RHB Brett Bell
|
0-0: Swinging Strike 0-1: Ball 1-1: Swinging Strike 1-2: Ball 2-2: Strikes out swinging
|
Top of the 6th over - 0 run(s), 0 hit(s), 0 error(s), 0 left on base; West Virginia 6 - Santa Fe 0 |
BOTTOM OF THE 6TH |
Santa Fe Diablos batting - Pitching for West Virginia Power : RHP Raúl Ruíz
|
Batting: SHB António Hernández
|
0-0: Swinging Strike 0-1: Ball 1-1: Ball 2-1: Ball 3-1: Swinging Strike 3-2: Base on Balls
|
Batting: RHB Júlio López
|
0-0: Ball António Hernández is caught stealing 2nd base 1-0: Called Strike 1-1: Ground out 6-3 (Groundball, 56)
|
Batting: LHB Don Soper
|
0-0: Ball 1-0: Ball 2-0: Called Strike 2-1: Ball 3-1: SINGLE (Groundball, 3D)
|
Batting: RHB Michael Anderson
|
0-0: Ball 1-0: Ball 2-0: Fly out, F8 (Line Drive, 8RS)
|
Bottom of the 6th over - 0 run(s), 1 hit(s), 0 error(s), 1 left on base; West Virginia 6 - Santa Fe 0 |
TOP OF THE 7TH |
West Virginia Power batting - Pitching for Santa Fe Diablos : LHP Albert Alonzo
|
Batting: SHB Edward Bartlett
|
0-0: Ball 1-0: Called Strike 1-1: Ball 2-1: Called Strike 2-2: Ball 3-2: DOUBLE (Groundball, 5L)
|
Batting: RHB Vicente Torres
|
0-0: Ball 1-0: Foul Ball, location: 2F 1-1: Ball 2-1: TRIPLE (Line Drive, 89XD) Edward Bartlett scores
|
Batting: RHB Gonzalo Gil
|
0-0: Called Strike 0-1: Ball 1-1: Swinging Strike 1-2: Fly out, F7 (Flyball, 78M) Runner from 3rd tags up, SCORES, throw made
|
Batting: RHB Will Lott
|
0-0: Fly out, F7 (Popup, 6D)
|
Batting: LHB Fernando Ortíz
|
0-0: Called Strike 0-1: Foul Ball, location: 2F 0-2: Ball 1-2: SINGLE (Groundball, 4MD)
|
Batting: LHB Pablo Reyes
|
0-0: Ball 1-0: Called Strike 1-1: Ball 2-1: Ball 3-1: Fielders Choice at 2nd, 5-4 (Groundball, 56)
|
Top of the 7th over - 2 run(s), 3 hit(s), 0 error(s), 0 left on base; West Virginia 8 - Santa Fe 0 |
BOTTOM OF THE 7TH |
Santa Fe Diablos batting - Pitching for West Virginia Power : RHP Raúl Ruíz
|
Batting: RHB Ray Davis
|
0-0: Ball 1-0: Called Strike 1-1: Called Strike 1-2: Ground out 6-3 (Groundball, 6)
|
Batting: RHB Emílio Bruno
|
0-0: Ball 1-0: Called Strike 1-1: Ball 2-1: Ball 3-1: Base on Balls
|
Batting: RHB Richard Wilkins
|
0-0: Ball 1-0: Called Strike 1-1: SINGLE (Groundball, 34D) Emílio Bruno to second Runner from 2nd tries for 3rd, OUT! Richard Wilkins to second
|
Batting: RHB Arnold Harmon
|
0-0: Ball 1-0: Ball 2-0: Swinging Strike 2-1: Ball 3-1: Foul Ball, location: 2F 3-2: Foul Ball, location: 2F 3-2: Foul Ball, location: 2F 3-2: Foul Ball, location: 2F 3-2: Foul Ball, location: 2F 3-2: Fly out, F3 (Popup, 9LS)
|
Bottom of the 7th over - 0 run(s), 1 hit(s), 0 error(s), 1 left on base; West Virginia 8 - Santa Fe 0 |
TOP OF THE 8TH |
West Virginia Power batting - Pitching for Santa Fe Diablos : LHP Albert Alonzo
|
Batting: LHB Luis Pérez
|
0-0: Ball 1-0: SINGLE (Line Drive, 89S)
|
Batting: RHB Alfonso Huertas
|
0-0: Ball 1-0: Ball 2-0: Bunt missed! 2-1: Sac Bunt - play at first, batter OUT! 1-4 Luis Pérez to second
|
Pitching: RHP Gerard Allen
|
|
Batting: RHB Brett Bell
|
0-0: Ball Luis Pérez steals 3rd base 1-0: SINGLE (Line Drive, 89M) Luis Pérez scores
|
Batting: SHB Edward Bartlett
|
0-0: Called Strike 0-1: Foul Ball, location: 2F 0-2: Strikes out swinging
|
Batting: RHB Vicente Torres
|
0-0: Ball 1-0: DOUBLE (Line Drive, 7LM) Brett Bell to third
|
Batting: RHB Gonzalo Gil
|
0-0: Foul Ball, location: 2F 0-1: Ball 1-1: Foul Ball, location: 2F 1-2: Foul Ball, location: 2F 1-2: Ball 2-2: Ball 3-2: Foul Ball, location: 2F 3-2: Ground out 5-3 (Groundball, 56)
|
Top of the 8th over - 1 run(s), 3 hit(s), 0 error(s), 2 left on base; West Virginia 9 - Santa Fe 0 |
BOTTOM OF THE 8TH |
Santa Fe Diablos batting - Pitching for West Virginia Power : RHP Raúl Ruíz
|
Batting: RHB Roberto Zamora
|
0-0: Foul Ball, location: 2F 0-1: Called Strike 0-2: Ball 1-2: Ball 2-2: Ball 3-2: Foul Ball, location: 2F 3-2: Base on Balls
|
Pitching: RHP Dave McGrath
|
|
Batting: SHB António Hernández
|
0-0: Ball 1-0: Ball 2-0: Called Strike 2-1: Fielders Choice at 2nd, 6-4 (Groundball, 56)
|
Batting: RHB Júlio López
|
0-0: Called Strike 0-1: Ball 1-1: Ball 2-1: Foul Ball, location: 2F 2-2: SINGLE (Line Drive, 89S) António Hernández to second Runner from 2nd tries for 3rd, SAFE, no throw or cutoff
|
Batting: LHB Don Soper
|
0-0: Called Strike 0-1: Ball 1-1: Fly out, F9 (Flyball, 9M) Throwing error, E9 António Hernández scores Júlio López to second
|
Batting: RHB Michael Anderson
|
0-0: Called Strike 0-1: Ball 1-1: Swinging Strike 1-2: Fly out, F3 (Popup, 3DF)
|
Bottom of the 8th over - 1 run(s), 1 hit(s), 1 error(s), 1 left on base; West Virginia 9 - Santa Fe 1 |
TOP OF THE 9TH |
West Virginia Power batting - Pitching for Santa Fe Diablos : RHP Gerard Allen
|
Batting: RHB Will Lott
|
0-0: Ball 1-0: Ball 2-0: Called Strike 2-1: Ball 3-1: Base on Balls
|
Batting: LHB Fernando Ortíz
|
0-0: Bunted foul 0-1: Bunted foul 0-2: Foul Ball, location: 2F 0-2: Ball 1-2: Grounds into double play, 1-4-3 (Groundball, 13)
|
Batting: LHB Pablo Reyes
|
0-0: Ground out 4-3 (Groundball, 13)
|
Top of the 9th over - 0 run(s), 0 hit(s), 0 error(s), 0 left on base; West Virginia 9 - Santa Fe 1 |
BOTTOM OF THE 9TH |
Santa Fe Diablos batting - Pitching for West Virginia Power : RHP Dave McGrath
|
Batting: RHB Ray Davis
|
0-0: Ball 1-0: Ball 2-0: Called Strike 2-1: Ball 3-1: Base on Balls
|
Batting: RHB Emílio Bruno
|
0-0: Called Strike 0-1: Swinging Strike 0-2: Ball 1-2: Ball 2-2: Strikes out swinging
|
Batting: RHB Richard Wilkins
|
0-0: Swinging Strike 0-1: Swinging Strike 0-2: Foul Ball, location: 2F 0-2: Ball 1-2: Strikes out looking
|
Batting: RHB Arnold Harmon
|
0-0: Fly out, F7 (Line Drive, 7D)
|
Bottom of the 9th over - 0 run(s), 0 hit(s), 0 error(s), 1 left on base; West Virginia 9 - Santa Fe 1 |
|